 Dungeon Crawl Stone Soup version 0.31.0-11-ge490571c62 (webtiles) character file.

Game seed: 8641185447189504871

252660 EonDragon20 the Gelid (level 19, -3/153 HPs)
             Began as a Merfolk Alchemist on Feb 5, 2024.
             Was a High Priest of Sif Muna.
             Killed from afar by a crystal guardian (54 damage)
             ... with a crystal bolt
             ... led by a peacekeeper
             ... on level 2 of the Vaults on Feb 6, 2024.
             The game lasted 03:13:54 (50297 turns).

EonDragon20 the Gelid (Merfolk Alchemist)          Turns: 50297, Time: 03:13:54

Health: -3/153     AC: 15    Str: 11    XL:     19   Next: 69%
Magic:  22/34      EV: 19    Int: 24    God:    Sif Muna [*****.]
Gold:   1588       SH:  0    Dex: 12    Spells: 1/41 levels left

rFire   . . .        r - +7 trident (freeze)
rCold   . . .        (no shield)
rNeg    + . .        T - +2 robe "Zunouwk" {+Blink Dex-5 Stlth- Archmagi}
rPois   +            U - +2 hat of Fuohep {+Inv Int+3 Dex+2}
rElec   .            k - +2 cloak
rCorr   .            (no gloves)
SInv    +            N - +1 pair of boots
Will    ++...        I - amulet of magic regeneration
Stlth   +++++        l - ring "Miabruidgh" {rPois rN+ Will+ AC+4 Str+2}
HPRegen 0.45/turn    K - ring of see invisible
MPRegen 0.64/turn

%: archmagi
@: no status effects
A: (nimble swimmer 2), mertail
}: 2/15 runes: serpentine, barnacled
a: Renounce Religion, Evoke Blink, Evoke Invisibility, Channel Magic, Forget
Spell, Divine Exegesis


You were on level 2 of the Vaults.
You worshipped Sif Muna.
Sif Muna was extremely pleased with you.
You visited 7 branches of the dungeon, and saw 33 of its levels.
You visited 2 bazaars.

You collected 2907 gold pieces.
You spent 1319 gold pieces at shops.

Inventory:

Hand Weapons
 r - a +7 trident of freezing (weapon)
Missiles
 x - 6 throwing nets
Armour
 k - a +2 cloak (worn)
 m - an orb of light
 N - a +1 pair of boots (worn)
 O - a +2 helmet
 T - the +2 robe "Zunouwk" (worn) {+Blink Dex-5 Stlth- Archmagi}
   (You bought it in a shop on level 5 of the Dungeon)

   Dex-5:     It affects your dexterity (-5).
   +Blink:    It lets you blink.
   Stlth-:    It makes you less stealthy.
   Archmagi:  It increases the power of your magical spells.
 U - the +2 hat of Fuohep (worn) {+Inv Int+3 Dex+2}
   (You found it on level 14 of the Dungeon)

   Int+3:     It affects your intelligence (+3).
   Dex+2:     It affects your dexterity (+2).
   +Inv:      It lets you turn invisible.
Jewellery
 a - a ring of protection from cold
 d - a ring of protection from fire
 l - the ring "Miabruidgh" (left hand) {rPois rN+ Will+ AC+4 Str+2}
   (You acquired it on level 4 of the Dungeon)

   [ring of protection]

   AC+4:      It affects your AC (+4).
   Str+2:     It affects your strength (+2).
   rPois:     It protects you from poison rN+: It protects you from negative
   energy.
   Will+:     It increases your willpower.
 q - a +5 ring of evasion
 A - a ring of wizardry
 D - a +6 ring of dexterity
 F - a +4 ring of protection
 G - a ring of protection from cold
 I - an amulet of magic regeneration (around neck)
 K - a ring of see invisible (right hand)
 M - an amulet of regeneration
 R - a ring of resist corrosion
 S - the ring "Igoevak" {rPois rF+ EV+5 Int+3}
   (You found it on level 1 of the Snake Pit)

   [ring of evasion]

   EV+5:      It affects your evasion (+5).
   Int+3:     It affects your intelligence (+3).
   rF+:       It protects you from fire.
   rPois:     It protects you from poison
Wands
 v - a wand of iceblast (39)
 w - a wand of flame (49)
 C - a wand of mindburst (7)
 E - a wand of paralysis (12)
 V - a wand of light (20)
Scrolls
 i - a scroll of poison
 j - 7 scrolls of immolation
 n - 6 scrolls of revelation
 s - 2 scrolls of silence
 t - 6 scrolls of amnesia
 y - 4 scrolls of vulnerability
 J - 2 scrolls of butterflies
 P - 3 scrolls of fear
 W - 4 scrolls of teleportation
 Z - 7 scrolls of identify
Potions
 b - 4 potions of magic
 e - a potion of haste
 f - 6 potions of brilliance
 g - 5 potions of mutation
 h - a potion of heal wounds
 o - 3 potions of berserk rage
 p - 2 potions of attraction
 u - 4 potions of enlightenment
 z - 3 potions of lignification
 B - 7 potions of curing
 H - a potion of cancellation
 L - 4 potions of might
 Y - a potion of invisibility
Miscellaneous
 c - a phial of floods
 X - a sack of spiders


   Skills:
 * Level 14.5 Fighting
 * Level 12.5 Polearms
 * Level 17.4 Dodging
 * Level 16.0 Stealth
 * Level 11.7 Spellcasting
 - Level 6.7 Conjurations
 - Level 4.4 Fire Magic
 * Level 17.9 Ice Magic
 - Level 3.2 Air Magic
 - Level 3.8 Earth Magic
 - Level 13.9 Alchemy


You had one spell level left.
You knew the following spells:

 Your Spells              Type           Power      Damage    Failure   Level
a - Sting                 Conj/Alch      100%       1d9       1%          1
b - Mephitic Cloud        Conj/Alch/Air  68%        N/A       1%          3
c - Mercury Vapours       Alch/Air       100%       N/A       1%          2
d - Ignite Poison         Fire/Alch      72%        N/A       1%          4
e - Olgreb's Toxic Radia  Alch           88%        N/A       1%          4
f - Stone Arrow           Conj/Erth      100%       3d13      1%          3
g - Sandblast             Erth           96%        2d20      1%          1
h - Sticky Flame          Fire/Alch      72%        2d12      1%          4
i - Freeze                Ice            100%       1d10      0%          1
j - Ozocubu's Refrigerat  Ice            50%        4d18      2%          7
k - Freezing Cloud        Conj/Ice/Air   36%        6-21      2%          5
l - Alistair's Intoxicat  Alch           58%        N/A       1%          5

Your spell library contained the following spells:

 Spells                   Type           Power      Damage    Failure   Level
 Foxfire                  Conj/Fire      100%       2x1d9     1%          1
 Kiss of Death            Conj/Necr      100%       2d13      1%          1
 Magic Dart               Conj           100%       1d8       1%          1
 Shock                    Conj/Air       100%       1d9       1%          1
 Necrotise                Necr           84%        1d8       4%          1
 Summon Small Mammal      Summ           84%        N/A       4%          1
 Ozocubu's Armour         Ice            100%       N/A       0%          3
 Cigotuvi's Dreadful Rot  Necr/Alch/Air  100%       N/A       1%          2
 Momentum Strike          Conj/Tloc      90%        3d10      1%          2
 Searing Ray              Conj           100%       2d8       1%          2
 Static Discharge         Conj/Air       100%       3-8/arc   1%          2
 Hailstorm                Conj/Ice       83%        3d14      1%          3
 Summon Ice Beast         Ice/Summ       72%        N/A       1%          3
 Fulminant Prism          Conj/Alch      38%        3d17      1%          4
 Petrify                  Alch/Erth      71%        N/A       1%          4
 Irradiate                Conj/Alch      38%        3d24      1%          5
 Sculpt Simulacrum        Ice/Alch       47%        N/A       1%          6
 Passwall                 Erth           48%        N/A       2%          3
 Eringya's Noxious Bog    Alch           44%        4d6       2%          6
 Dazzling Flash           Conj/Hex       90%        N/A       3%          3
 Brom's Barrelling Bould  Conj/Erth      56%        2d7       4%          4
 Flame Wave               Conj/Fire      57%        2d14      4%          4
 Inner Flame              Hex/Fire       36%        N/A       5%          3
 Jinxbite                 Hex            42%        N/A       7%          2
 Lesser Beckoning         Tloc           42%        N/A       7%          2
 Yara's Violent Unravell  Hex/Alch       31%        3d13      7%          5
 Airstrike                Air            22%        2d(4-20)  12%         4
 Call Canine Familiar     Summ           21%        N/A       13%         3
 Confusing Touch          Hex            21%        N/A       13%         3
 Fugue of the Fallen      Necr           21%        N/A       13%         3
 Gell's Gravitas          Tloc           21%        N/A       13%         3
 Teleport Other           Tloc           21%        N/A       13%         3
 Tukima's Dance           Hex            21%        N/A       13%         3
 Vampiric Draining        Necr           21%        2d7       13%         3
 Arcjolt                  Conj/Air       27%        1d37      16%         5
 Summon Lightning Spire   Summ/Air       32%        N/A       22%         4
 Vhi's Electric Charge    Tloc/Air       64%        N/A       22%         4
 Animate Dead             Necr           21%        N/A       41%         4
 Dispel Undead            Necr           21%        3d11      41%         4
 Manifold Assault         Tloc           21%        N/A       41%         4
 Martyr's Knell           Necr/Summ      21%        N/A       41%         4
 Passage of Golubria      Tloc           21%        N/A       41%         4
 Borgnjor's Vile Clutch   Necr/Erth      17%        N/A       50%         5
 Bombard                  Conj/Erth      28%        9d5       61%         6
 Conjure Ball Lightning   Conj/Air       27%        3x3d8     65%         6
 Curse of Agony           Necr           21%        N/A       77%         5
 Summon Forest            Summ/Tloc      10%        N/A       77%         5
 Summon Mana Viper        Hex/Summ       21%        N/A       77%         5
 Plasma Beam              Fire/Air       24%        2x1d36    82%         6
 Death Channel            Necr           10%        N/A       100%        6
 Enfeeble                 Hex            10%        N/A       100%        7
 Summon Hydra             Summ           10%        N/A       100%        7
 Discord                  Hex            10%        N/A       100%        8
 Ignition                 Fire           25%        3d9       100%        8
 Lehudib's Crystal Spear  Conj/Erth      28%        10d7      100%        8
 Chain Lightning          Conj/Air       27%        3d36      100%        9


Dungeon Overview and Level Annotations

Branches:
Dungeon (15/15)            Temple (1/1) D:7            Lair (5/5) D:11
 Shoals (4/4) Lair:2        Snake (4/4) Lair:3        Slime (0/5) Lair:4
    Orc (2/2) D:9             Elf (0/3) Orc:2        Vaults (2/5) D:13
 Depths (0/4) D:15
  Crypt: Vaults:2-3

Altars:
Ashenzari
Cheibriados
Dithmenos
Elyvilon
Fedhas
Gozag
Hepliaklqana
Kikubaaqudgha
Makhleb
Nemelex Xobeh
Okawaru
Qazlal
Ru
Sif Muna
Trog
Vehumet
Wu Jian
Xom
Yredelemnul
Zin
The Shining One
Jiyva
Lugonu

Shops:
D:5 ??!*   D:11 =(   D:14 :   Orc:2 :=([   Shoals:1 ?*   Shoals:2 ((
Vaults:1 ::

Portals:
Abyss: Shoals:3

Annotations:
D:6 3 runed translucent doors, PaiMei's ghost, novice DsNe
Shoals:3 1 runed translucent door
Shoals:4 Mlioglotl; Roxanne
Snake:1 1 runed translucent door, Xitaol's ghost, adept SpEn


Innate Abilities, Weirdness & Mutations

((You are very nimble when in or above water. (Stealth+, EV+, Speed+++)))
Your lower body shifts to a powerful aquatic tail in water.


Message History

The crystal guardian fires a crystalline bolt at you.
The crystal bolt misses you.
Casting: Stone Arrow (safe; 1% risk of failure)
Confirm with . or Enter, or press ? or * to list all spells.
Aiming: Stone Arrow (safe; 1% risk of failure)
Press: ? - help, Shift-Dir - straight line, f/p - crystal guardian
Aim: a crystal guardian (lightly damaged, strong, 100% to hit)
You feel a surge of power!
The stone arrow hits the crystal guardian!
The crystal guardian is moderately damaged.
Casting: Stone Arrow (safe; 1% risk of failure)
Confirm with . or Enter, or press ? or * to list all spells.
Aiming: Stone Arrow (safe; 1% risk of failure)
Press: ? - help, Shift-Dir - straight line, f/p - crystal guardian
Aim: a crystal guardian (moderately damaged, strong, 100% to hit)
You feel a surge of power!
The stone arrow hits the crystal guardian!
The crystal guardian is moderately damaged.
The crystal guardian hits you!
Casting: Stone Arrow (safe; 1% risk of failure)
Confirm with . or Enter, or press ? or * to list all spells.
Aiming: Stone Arrow (safe; 1% risk of failure)
Press: ? - help, Shift-Dir - straight line, f/p - crystal guardian
Aim: a crystal guardian (moderately damaged, strong, 100% to hit)
You feel a surge of power!
The stone arrow hits the crystal guardian!
The crystal guardian is severely damaged.
The crystal guardian fires a crystalline bolt at you.
The crystal bolt misses you.
Casting: Stone Arrow (safe; 1% risk of failure)
Confirm with . or Enter, or press ? or * to list all spells.
Aiming: Stone Arrow (safe; 1% risk of failure)
Press: ? - help, Shift-Dir - straight line, f/p - crystal guardian
Aim: a crystal guardian (severely damaged, strong, 100% to hit)
You feel a surge of power!
The stone arrow hits the crystal guardian.
The crystal guardian is severely damaged.
The crystal guardian fires a crystalline bolt at you.
The crystal bolt freezes you!!!
You die...

#.(......#......
#........#......
#........+......
#........# #####
#........#
#........#
#........#
#........+
#...@....#
+..9.....#
########........#
................#
................#
......).........#
9...............#
...........$....#
................#


You could see a crystal guardian (strong).

Vanquished Creatures
  Asterion (Snake:3)
  A kraken (Shoals:3)
  Agnes (Vaults:1)
  A tengu reaver (Vaults:1)
  Aizul (Snake:3)
  10 nagarajas
  A draconian knight (Vaults:1)
  Ilsuiw (Shoals:2)
  2 vault wardens
  7 ironbound preservers
  7 ironbound thunderhulks
  A vampire knight (Vaults:1)
  A formless jellyfish (Vaults:2)
  A crystal guardian (Vaults:2)
  A fire dragon (D:15)
  An entropy weaver (Vaults:1)
  8 merfolk impalers
  2 yaktaur captains (Vaults:1)
  An ice dragon (D:15)
  2 peacekeepers (Vaults:2)
  3 great orbs of eyes (Vaults:1)
  Erolcha (D:13)
  2 hydras
  4 vault guards (D:13)
  3 merfolk aquamancers (Shoals:4)
  7 ironbound frosthearts
  5 salamander tyrants
  An alligator snapping turtle (Shoals:4)
  An ogre mage (D:15)
  2 centaur warriors
  7 anacondas
  4 satyrs
  4 two-headed ogres
  8 merfolk avatars
  3 death yaks (Lair:1)
  11 naga warriors
  2 boulder beetles
  A death knight (D:14)
  4 orc high priests (Orc:2)
  6 naga sharpshooters
  A tengu warrior (D:15)
  5 shock serpents
  A salamander mystic (Snake:4)
  5 skeletal warriors (D:14)
  9 sea snakes
  5 skysharks
  19 mana vipers
  27 deep trolls
  2 arcanists
  22 harpies
  9 naga ritualists
  7 ironbound convokers
  Pikel (D:8)
  6 orc knights
  9 lindwurms
  A deep elf pyromancer (D:13)
  6 orc sorcerers
  25 fauns
  18 ugly things
  7 cyclopes
  7 manticores
  6 elephants
  3 kobold blastminers (Orc:2)
  15 merfolk sirens
  5 vault sentinels (Vaults:1)
  44 black mambas
  Joseph (D:7)
  15 salamanders
  A guardian serpent (shapeshifter) (D:14)
  An apocalypse crab (Shoals:3)
  6 water nymphs
  A molten gargoyle (D:13)
  5 cane toads
  5 centaur zombies (D:14)
  10 guardian serpents
  20 naga magi
  An efreet (D:13)
  2 rime drakes (Lair:2)
  4 unseen horrors
  6 komodo dragons
  4 freezing wraiths
  13 yaktaurs
  A tengu conjurer (D:13)
  2 harpy zombies (D:14)
  21 merfolk
  A hornet (D:9)
  A polar bear (Lair:2)
  3 trolls
  6 wind drakes
  7 snapping turtles
  5 dream sheep (Shoals:1)
  11 blink frogs
  11 slime creatures
  A meliai zombie (D:14)
  4 vampires
  3 water elementals
  A centaur simulacrum (D:12)
  2 shadows (D:14)
  3 basilisks
  8 humans (D:13)
  4 wraiths
  4 wyverns
  3 fire bats (Lair:3)
  A warg (Orc:2)
  33 yaks
  15 vampire mosquitoes
  29 nagas
  An acid dragon (D:9)
  3 water moccasins
  13 orc warriors
  A sky beast (D:7)
  2 laughing skulls (D:15)
  4 ice beasts
  5 black bears
  A hornet zombie (D:14)
  A wolf (Lair:1)
  8 ogres
  8 centaurs
  2 lemures (D:8)
  3 kobold brigands
  13 bullfrogs
  3 scorpions
  10 wights (D:9)
  18 killer bees
  5 howler monkeys
  2 bombardier beetles
  4 electric eels
  3 lava snakes (Lair:3)
  2 hounds (D:6)
  A jelly (Lair:4)
  17 orc priests
  A gnoll bouda (D:8)
  A boggart zombie (D:14)
  Terence (D:3)
  2 iguanas
  2 sleepcaps
  24 orc wizards
  8 adders
  16 gnolls
  A shadow imp (D:7)
  3 white imps (D:7)
  4 ufetubi (D:5)
  2 dart slugs
  2 ribbon worms
  65 orcs
  6 ball pythons
  13 endoplasms
  4 giant cockroaches
  8 goblins
  8 hobgoblins
  8 jackals
  5 quokkas
  8 bats
  23 kobolds
  8 rats
  2 tentacles (Shoals:3)
1025 creatures vanquished.

Vanquished Creatures (others)
  3 tentacles (Shoals:3)
3 creatures vanquished.

Grand Total: 1028 creatures vanquished

Notes
Turn   | Place    | Note
-------+----------+-------------------------------------------
     0 | D:1      | EonDragon20 the Merfolk Alchemist began the quest for the
                  | Orb.
     0 | D:1      | Reached XP level 1. HP: 13/13 MP: 3/3
   255 | D:1      | Reached skill level 1 in Conjurations
   255 | D:1      | Reached XP level 2. HP: 16/19 MP: 1/5
   912 | D:1      | Reached XP level 3. HP: 24/24 MP: 2/6
  1058 | D:1      | Learned a level 3 spell: Mephitic Cloud
  1427 | D:2      | Reached XP level 4. HP: 23/30 MP: 2/7
  1788 | D:2      | Learned a level 2 spell: Mercury Vapours
  1903 | D:2      | Reached skill level 1 in Air Magic
  2373 | D:3      | Reached skill level 5 in Alchemy
  2373 | D:3      | Reached XP level 5. HP: 31/35 MP: 2/8
  2485 | D:3      | Noticed Terence
  2498 | D:3      | Killed Terence
  2680 | D:3      | Found a white marble altar of Elyvilon.
  3013 | D:3      | Found a snail-covered altar of Cheibriados.
  3346 | D:3      | Found a sacrificial altar of Ru.
  3432 | D:4      | Reached XP level 6. HP: 37/41 MP: 6/9
  3725 | D:4      | Identified the +4 ring mail of the Oni {Will+}
  4499 | D:4      | Identified a scroll of acquirement
  4499 | D:4      | Acquired the ring "Miabruidgh" {rPois rN+ Will+ AC+4 Str+2}
  4554 | D:5      | Entered Level 5 of the Dungeon
  4761 | D:5      | Found Aschiry's Assorted Antiques.
  4791 | D:5      | Identified the +2 leather armour of the Skies Above {Harm
                  | rElec Str+5 Slay-6}
  4805 | D:5      | Found a hazy altar of Hepliaklqana.
  4851 | D:5      | Found Duitrun's Distillery.
  4939 | D:5      | Reached XP level 7. HP: 33/46 MP: 1/10
  5051 | D:5      | Found a broken altar of Ashenzari.
  5434 | D:5      | Found Azokh's Magic Scroll Emporium.
  5768 | D:5      | Found Paeleupt's Magic Scroll Emporium.
  5771 | D:5      | Bought a scroll of blinking for 75 gold pieces
  5916 | D:5      | Learned a level 4 spell: Ignite Poison
  6234 | D:6      | Reached skill level 1 in Fire Magic
  6432 | D:6      | Reached XP level 8. HP: 52/52 MP: 7/11
  6515 | D:6      | Found a runed translucent gate.
  6515 | D:6      | Found a runed translucent gate.
  6515 | D:6      | Found a runed translucent gate.
  6623 | D:6      | Noticed PaiMei's ghost (novice DsNe)
  6759 | D:6      | You fall into a shaft and drop 2 floors!
  6760 | D:8      | Noticed Pikel
  7283 | D:7      | Found a staircase to the Ecumenical Temple.
  7367 | Temple   | Entered the Ecumenical Temple
  7375 | Temple   | Became a worshipper of Sif Muna the Loreminder
  7715 | D:7      | Reached XP level 9. HP: 57/57 MP: 9/12
  7779 | D:7      | Found an ornate altar of the Wu Jian Council.
  7787 | D:7      | Found a stormy altar of Qazlal.
  7788 | D:7      | Found a shimmering altar of Xom.
  7789 | D:7      | Found a blossoming altar of Fedhas.
  7790 | D:7      | Found a shadowy altar of Dithmenos.
  8153 | D:7      | Reached skill level 1 in Fighting
  8153 | D:7      | Reached skill level 1 in Polearms
  8272 | D:7      | Noticed Joseph
  8283 | D:7      | Killed Joseph
  8788 | D:8      | Reached skill level 10 in Alchemy
  9348 | D:8      | Killed Pikel
  9349 | D:8      | Reached skill level 5 in Dodging
  9377 | D:8      | Reached * piety under Sif Muna
  9378 | D:8      | Reached XP level 10. HP: 63/70 MP: 2/15
  9814 | D:8      | Reached skill level 5 in Stealth
  9986 | D:8      | Learned a level 4 spell: Olgreb's Toxic Radiance
 10043 | D:9      | Noticed a two-headed ogre
 10421 | D:8      | Killed a two-headed ogre
 10422 | D:8      | Reached skill level 5 in Polearms
 10798 | D:8      | Learned a level 3 spell: Stone Arrow
 11050 | D:9      | Reached ** piety under Sif Muna
 11156 | D:9      | Found a staircase to the Orcish Mines.
 11194 | D:9      | Identified the +1 leather armour "Likhlox" {rPois Will++
                  | Dex+7}
 11272 | D:9      | Reached skill level 5 in Fighting
 11828 | D:9      | Noticed a deep elf pyromancer
 11920 | Orc:1    | Entered Level 1 of the Orcish Mines
 11923 | Orc:1    | Noticed an orc sorcerer
 11928 | Orc:1    | Killed an orc sorcerer
 11929 | Orc:1    | Reached XP level 11. HP: 81/81 MP: 8/17
 12153 | Orc:1    | Noticed an orc sorcerer
 12156 | Orc:1    | Noticed an orc knight
 12158 | Orc:1    | Noticed a soul eater
 12161 | Orc:1    | Killed an orc sorcerer
 12263 | D:10     | Entered Level 10 of the Dungeon
 12265 | D:10     | Reached *** piety under Sif Muna
 12566 | D:9      | Reached skill level 5 in Conjurations
 12880 | D:10     | Noticed a manticore
 12889 | D:10     | Killed a manticore
 13319 | D:10     | Found an opulent altar of Gozag.
 13319 | D:10     | Found a glowing silver altar of Zin.
 13666 | D:11     | Reached skill level 1 in Earth Magic
 14231 | D:11     | Found a staircase to the Lair.
 14258 | D:11     | Found Reckyc's Jewellery Boutique.
 14259 | D:11     | Found Gutyviwopp's Antique Weapon Boutique.
 14434 | D:11     | Noticed a two-headed ogre
 14591 | D:11     | Reached XP level 12. HP: 91/91 MP: 9/18
 14591 | D:11     | Reached **** piety under Sif Muna
 15362 | Lair:1   | Entered Level 1 of the Lair of Beasts
 15399 | Lair:1   | Reached skill level 10 in Dodging
 15545 | Lair:1   | Noticed a death yak
 15546 | Lair:1   | Noticed a death yak
 15719 | Lair:1   | Noticed a death yak
 16365 | Lair:1   | Learned a level 1 spell: Sandblast
 16443 | Lair:1   | Killed a death yak
 16449 | Lair:1   | Killed a death yak
 16449 | Lair:1   | Killed a death yak
 17630 | Lair:2   | Reached skill level 10 in Stealth
 17867 | Lair:2   | Found a staircase to the Shoals.
 18592 | Lair:3   | Found a staircase to the Snake Pit.
 19118 | Lair:3   | Reached XP level 13. HP: 101/101 MP: 6/19
 19199 | Lair:3   | You fall into a shaft and drop 1 floor!
 20414 | Lair:4   | Found a viscous altar of Jiyva.
 20414 | Lair:4   | Found a staircase to the Slime Pits.
 20711 | Lair:4   | Identified the +9 scale mail "Uromnaell" {Stlth+}
 20979 | Lair:5   | Entered Level 5 of the Lair of Beasts
 21231 | D:12     | Reached skill level 10 in Fighting
 21323 | D:12     | Identified the +6 war axe of Dosofiwa {freeze, rCorr}
 21750 | D:12     | Reached ***** piety under Sif Muna
 21756 | D:12     | Reached skill level 5 in Spellcasting
 22006 | D:12     | Learned a level 4 spell: Sticky Flame
 23457 | Orc:1    | Found a bloodstained altar of Trog.
 23588 | Orc:2    | Entered Level 2 of the Orcish Mines
 23627 | Orc:2    | Found a frozen archway.
 23689 | Orc:2    | Found a staircase to the Elven Halls.
 23835 | Orc:2    | Reached XP level 14. HP: 111/111 MP: 10/22
 24070 | Orc:2    | Received a gift from Sif Muna
 24073 | Orc:2    | Got Sif Muna's Omnibus of the Throng and Cold {god gift}
 24354 | Orc:2    | Found Qooff's Jewellery Shoppe.
 24354 | Orc:2    | Found Baunur's Book Shoppe.
 24355 | Orc:2    | Found Vuobb's Antique Armour Shop.
 24355 | Orc:2    | Found Ditz's Weapon Shop.
 24375 | Orc:2    | Bought a ring of resist corrosion for 320 gold pieces
 24541 | D:5      | Bought a smoking robe for 131 gold pieces
 24541 | D:5      | Identified the +2 robe "Zunouwk" {+Blink Dex-5 Stlth-
                  | Archmagi} (You bought it in a shop on level 5 of the
                  | Dungeon)
 24541 | D:5      | Bought a translucent robe for 131 gold pieces
 24541 | D:5      | Identified the +0 robe of Baldness {Dex+3} (You bought it
                  | in a shop on level 5 of the Dungeon)
 25038 | Shoals:1 | Entered Level 1 of the Shoals
 25766 | Orc:2    | Bought the Unrestrained Analects for 528 gold pieces
 25768 | Orc:2    | Learned a level 1 spell: Freeze
 25956 | Snake:1  | Entered Level 1 of the Snake Pit
 25960 | Snake:1  | Reached skill level 1 in Ice Magic
 26985 | Shoals:1 | Reached skill level 5 in Ice Magic
 27048 | Shoals:1 | Found Moshur's Overcharged Wands.
 27689 | Shoals:1 | Found Wosun's Magic Scroll Shoppe.
 27757 | Shoals:2 | Reached XP level 15. HP: 119/119 MP: 19/27
 27855 | Shoals:2 | Found a flickering gateway to a bazaar.
 27876 | Bazaar   | Entered a bazaar
 27876 | Bazaar   | Found Meuday's Armour Shoppe.
 27876 | Bazaar   | Found Pouwij's General Store.
 27889 | Bazaar   | Found Bauwepn's Book Shoppe.
 27889 | Bazaar   | Found Mobownuotz's General Store.
 28179 | Shoals:2 | Learned a level 7 spell: Ozocubu's Refrigeration
 28331 | Shoals:2 | Found Byixt's Antique Weapon Boutique.
 28617 | Shoals:2 | Noticed Ilsuiw
 28628 | Shoals:2 | Killed Ilsuiw
 29002 | Shoals:2 | Found Huhizxa's Antique Weapon Boutique.
 29090 | Shoals:2 | Acquired Wayxefepp's Spellbook of Bruises
 29189 | Shoals:3 | Received a gift from Sif Muna
 29190 | Shoals:3 | Reached skill level 10 in Ice Magic
 29192 | Shoals:3 | Got Sif Muna's Omnibus of Prime Pyromania {god gift}
 29458 | Shoals:3 | Noticed a kraken
 29467 | Shoals:3 | Killed a kraken
 30330 | Shoals:3 | Found a runed translucent door.
 30957 | Shoals:3 | Found a corrupted altar of Lugonu.
 31013 | Shoals:3 | Found a one-way gate to the infinite horrors of the Abyss.
 31055 | Shoals:4 | Entered Level 4 of the Shoals
 31160 | Shoals:4 | Reached XP level 16. HP: 83/125 MP: 24/28
 31360 | Shoals:4 | Found a gateway to a bazaar.
 31365 | Bazaar   | Entered a bazaar
 31365 | Bazaar   | Found Hoghet's Distillery.
 31365 | Bazaar   | Found Bezaphu's General Store.
 31365 | Bazaar   | Found Fuiromyiv's Magic Scroll Boutique.
 31365 | Bazaar   | Found Hisaen's General Store.
 31365 | Bazaar   | Found Banaoroe's Antique Armour Boutique.
 31371 | Bazaar   | Bought a scroll of enchant weapon for 67 gold pieces
 31371 | Bazaar   | Bought a scroll of enchant armour for 67 gold pieces
 31736 | Shoals:4 | Noticed Mlioglotl
 31921 | Shoals:4 | Noticed Roxanne
 32127 | Shoals:4 | Received a gift from Sif Muna
 32130 | Shoals:4 | Got Sif Muna's Octavo of Arcane Weapons and Displacement
                  | {god gift}
 32768 | Shoals:4 | Reached skill level 15 in Ice Magic
 32862 | Shoals:4 | Got a barnacled rune of Zot
 33581 | Snake:1  | Found a runed translucent door.
 33582 | Snake:1  | Noticed Xitaol's ghost (adept SpEn)
 34568 | Snake:1  | Identified the ring "Igoevak" {rPois rF+ EV+5 Int+3}
 35912 | Snake:3  | Noticed Asterion
 35918 | Snake:3  | Killed Asterion
 36170 | Snake:3  | Identified the serpent talisman "Qapiah" {Slay+2}
 36170 | Snake:3  | Noticed Aizul
 36255 | Snake:3  | Killed Aizul
 36489 | Snake:3  | Reached XP level 17. HP: 132/132 MP: 0/29
 36910 | Snake:2  | Received a gift from Sif Muna
 36913 | Snake:2  | Got Ydoac Zei's Commentary on Generative Hurting {god gift}
 38194 | Snake:3  | Learned a level 5 spell: Freezing Cloud
 38198 | Snake:4  | Entered Level 4 of the Snake Pit
 38492 | Snake:3  | Reached skill level 15 in Dodging
 39318 | Snake:4  | Reached skill level 10 in Spellcasting
 39896 | Snake:4  | Reached XP level 18. HP: 142/142 MP: 18/32
 39940 | Snake:4  | Got a serpentine rune of Zot
 40231 | Snake:4  | Received a gift from Sif Muna
 40234 | Snake:4  | Got Sif Muna's Essays on the Crucible {god gift}
 41708 | D:13     | Noticed Erolcha
 41711 | D:13     | Killed Erolcha
 41819 | D:13     | Reached skill level 10 in Polearms
 41870 | D:13     | Found a gate to the Vaults.
 42187 | D:14     | Identified the +2 hat of Fuohep {+Inv Int+3 Dex+2}
 43659 | D:14     | Found Hiehont's Book Boutique.
 44017 | D:15     | Entered Level 15 of the Dungeon
 44037 | D:15     | Received a gift from Sif Muna
 44512 | D:15     | Found a staircase to the Depths.
 44569 | D:15     | Reached skill level 15 in Stealth
 44592 | D:15     | Found a stormy altar of Qazlal.
 45010 | Vaults:1 | Entered Level 1 of the Vaults
 45939 | Vaults:1 | Noticed Agnes
 45945 | Vaults:1 | Killed Agnes
 45959 | Vaults:1 | HP: 6/145 [black draconian knight/bolt of lightning (40)]
 46756 | Vaults:1 | Reached XP level 19. HP: 151/151 MP: 29/34
 46805 | Vaults:1 | Received a gift from Sif Muna
 46810 | Vaults:1 | Got Sif Muna's Annotations on Chrysopoeia {god gift}
 47633 | Vaults:1 | Found Nob Mauq's Book Emporium.
 48393 | Vaults:1 | Learned a level 5 spell: Alistair's Intoxication
 48988 | Vaults:1 | Found Cezeakk's Book Shoppe.
 50297 | Vaults:2 | Killed from afar by a crystal guardian

Illustrated notes

Levels and vault maps discovered:
D:1:      elethiomel_arrival_quiet, layout_rooms, nicolae_houndstooth_variations
D:2:      minmay_chambers_of_twos, layout_basic
D:3:      layout_rooms, nicolae_ru_path_of_blood, mainiacjoe_overflow_24_doors,
          mainiacjoe_overflow_surrounded_room, hex_medium, uniq_terence
D:4:      layout_layer_cave, grunt_decor_resistance, minivault_1
D:5:      layout_rooms, general_overflow_altar, nzn_hepliaklqana_mist_gate,
          serial_shops, nicolae_shop_rolled_up, shop, shop, shop,
          kennysheep_generic_room_8
D:6:      layout_loops_cross, marbit_many_paths, gammafunk_ghost_icy
D:7:      layout_basic, minitemple, minmay_temple_entry_junction,
          hangedman_decor_diamond_cutter, minmay_fountain_box, uniq_joseph
D:8:      layout_basic, uniq_pikel
D:9:      layout_cave_pools, hiddenorc2_lemuel, enter_bailey_3,
          grunt_ministairs_12, minmay_librarian
D:10:     layout_loops_ring, grunt_temple_overflow_gold_and_silver
D:11:     layout_loops_cross, david_lair_generic, nicolae_wooded_promenade
D:12:     layout_rooms
D:13:     layout_rooms, ximxim_vaults_locker_room, kennysheep_dice, uniq_erolcha
D:14:     layout_grid_maze, serial_undead, serial_undead_c, serial_undead_d,
          serial_undead_b, serial_undead_f, serial_undead_b, serial_undead_b,
          serial_undead_b, serial_undead_b, serial_undead_d, serial_undead_f,
          patterned_corridor, serial_shops, shop_fountains
D:15:     grunt_enter_depths_hoard, layout_basic,
          nicolae_qazlal_style_of_elements
Temple:   dpeg_three_leaves_temple
Lair:1:   layout_regular_city, serial_bayou_pond_c, fungi_pond_lemuel,
          beast_lair_carwin_9
Lair:2:   layout_roguey, elwin_shoals_entry_rocks, minivault_23
Lair:3:   layout_gridlike, nicolae_snake_entry_warm_welcome,
          nicolae_volcano_entry_batcave
Lair:4:   layout_roguey, nicolae_slime_entry_slimehenge
Lair:5:   cheibrodos_lair_end_hotspot, layout_cave_pods,
          chequers_serial_rivers_micro_c
Shoals:1: layout_shoals, serial_shops, nicolae_shop_rolled_up,
          nicolae_shop_overcharged_wands
Shoals:2: layout_shoals, serial_shops, bzr_entry_customers,
          nicolae_shop_back_alley_shop, nicolae_diamond_shop, uniq_ilsuiw
Shoals:3: layout_shoals, nicolae_shoals_abyss_on_the_beach
Shoals:4: shoals_end_simple, layout_shoals, serial_shops, bzr_entry_road,
          nicolae_shoals_shepherds, uniq_roxanne, uniq_mlioglotl
Snake:1:  layout_grid_maze, ebering_ghost_inner_flame, grunt_ministairs_3,
          nrook_loot_triangle, nicolae_snake_yet_another_twisty_hallway,
          drop_trap
Snake:2:  layout_onion, nicolae_triple_integral
Snake:3:  layout_rooms, uniq_aizul, uniq_asterion
Snake:4:  snake_hunt, layout_cave_town, st_stairs_14
Orc:1:    layout_diamond_mine, basic_altar, nicolae_orc_sculptors_studio,
          nicolae_orc_lava_room
Orc:2:    st_orc_elflike, layout_caves, portal_ice_cave_entry_pillars_1
Vaults:1: vaults_room_pool, nicolae_vaults_trapezoid_3, v_misc_11,
          nicolae_vaults_storage_closets_2, nicolae_vaults_theta,
          nicolae_vaults_tetromino_T_1, vaults_room_stairs_pillars,
          ontoclasm_vaults_eye, sword_in_stone, hangedman_vaults_snaps,
          layout_vaults_quadrants, serial_shops, bzr_entry_gold, shop, shop
Vaults:2: nicolae_vaults_mitosis, vaults_standard_mumra_x, v_misc_5,
          nicolae_vaults_diagonal_hallway_8, vaults_dpeg_doors,
          nicolae_vaults_specimen_jars, v_alt_pattern_3,
          nicolae_vaults_network_square, v_alt_pattern_2, vaults_dpeg_diagonal,
          vaults_room_corners, v_misc_17, nicolae_vaults_apartment_1,
          nicolae_vaults_tetromino_Z_1, layout_vaults_omnibox

Skill      XL: |  1  2  3  4  5  6  7  8  9 10 11 12 13 14 15 16 17 18 19 |
---------------+----------------------------------------------------------+-----
Conjurations   | 1 2 3 4 5 6 |  6.7
Dodging        | 3 5 7 9 11 13 14 15 16 17 | 17.4
Air Magic      | 1 2 3 |  3.2
Alchemy        | 5 6 8 9 10 11 13 | 13.9
Fire Magic     | 1 4 |  4.4
Fighting       | 3 5 7 9 10 11 12 13 14 | 14.5
Polearms       | 4 5 6 9 11 12 | 12.5
Stealth        | 4 7 8 10 12 14 15 16 | 16.0
Spellcasting   | 3 4 5 8 10 11 | 11.7
Earth Magic    | 2 3 |  3.8
Ice Magic      | 6 13 17 | 17.9

Action                     |  1- 3 |  4- 6 |  7- 9 | 10-12 | 13-15 | 16-18 | 19-21 || total
---------------------------+-------+-------+-------+-------+-------+-------+-------++-------
  Melee: Unarmed           |    13 |       |       |       |       |       |       ||    13
         Dagger            |    11 |    60 |    91 |       |       |       |       ||   162
         Punch             |       |     1 |       |     3 |     6 |     3 |       ||    13
         Trident           |       |       |    47 |   248 |   291 |   239 |    19 ||   844
         Tailslap          |       |       |       |       |     6 |     4 |       ||    10
   Cast: Sting             |    54 |    85 |   122 |    15 |     3 |     3 |       ||   282
         Mephitic Cloud    |     1 |     1 |    14 |     2 |     1 |       |       ||    19
         Mercury Vapours   |       |    11 |       |       |       |       |       ||    11
         Ignite Poison     |       |       |    15 |    50 |   117 |    54 |    25 ||   261
         Olgreb's Toxic Ra |       |       |       |    75 |   196 |    73 |    29 ||   373
         Stone Arrow       |       |       |       |    32 |    27 |    10 |    17 ||    86
         Sandblast         |       |       |       |     9 |       |     6 |       ||    15
         Sticky Flame      |       |       |       |       |    21 |    47 |       ||    68
         Ozocubu's Refrige |       |       |       |       |     1 |   333 |    60 ||   394
         Freezing Cloud    |       |       |       |       |       |     5 |       ||     5
         Alistair's Intoxi |       |       |       |       |       |       |    24 ||    24
  Evoke: Wand              |       |       |       |     1 |       |     3 |       ||     4
    Use: Scroll            |     2 |     7 |     9 |    12 |     9 |     8 |     2 ||    49
         Potion            |       |       |       |     1 |       |     4 |     3 ||     8
   Stab: Sleeping          |     1 |     2 |       |     3 |       |     2 |       ||     8
         Confused          |     1 |       |     1 |       |     2 |       |       ||     4
         Distracted        |       |       |       |     3 |     2 |       |       ||     5
         Petrified         |       |       |       |     2 |       |       |       ||     2
         Paralysed         |       |       |       |       |       |     4 |       ||     4
 Armour: Robe              |    27 |    56 |   107 |   165 |   271 |   372 |    47 ||  1045
  Dodge: Dodged            |    43 |    87 |   197 |   333 |   505 |   360 |    28 ||  1553
